 Dungeon Crawl Stone Soup version 0.31-a0-977-gc230f8ef24 (webtiles) character file.

Game seed: 15519446023994438342

2446 demibob the Chiller (level 9, -3/49 HPs)
             Began as a Deep Elf Chaos Knight on Oct 29, 2023.
             Was a Plaything of Xom.
             Slain by an acid dragon (11 damage)
             ... on level 7 of the Dungeon.
             The game lasted 00:13:57 (6610 turns).

demibob the Chiller (Deep Elf Chaos Knight)         Turns: 6610, Time: 00:13:59

Health: -3/49      AC:  5    Str:  7 (9)  XL:     9   Next: 25%
Magic:  0/11       EV: 12    Int: 20 (22) God:    Xom [..*...]
Gold:   251        SH:  0    Dex: 13 (14) Spells: 4/8 levels left

rFire   . . .        a - staff of cold {!a}
rCold   + . .        (no shield)
rNeg    + . .        t - +0 steam dragon scales
rPois   .            (helmet restricted)
rElec   .            (no cloak)
rCorr   .            (no gloves)
SInv    .            (no boots)
Will    +....        q - amulet of guardian spirit
Stlth   +            T - +4 ring of protection
HPRegen 1.08/turn    N - ring of positive energy
MPRegen 0.12/turn

%: guardian spirit
@: about to teleport, corroded, enlightened, flying
A: horns 1, regeneration 1, MP-powered wands
a: Renounce Religion


You were on level 7 of the Dungeon.
You worshipped Xom.
You were a toy of Xom.
You visited 1 branch of the dungeon, and saw 9 of its levels.
You also visited: Sewer and Ossuary.

You collected 251 gold pieces.


Innate Abilities, Weirdness & Mutations

You have a pair of small horns on your head.
Your natural rate of healing is unusually fast.
You expend magic power (3 MP) to strengthen your wands.


   Skills:
 - Level 2.4 Fighting
 - Level 3.1(4.6) Polearms
 + Level 7.0(7.6) Staves
 - Level 0.7 Armour
 - Level 2.4 Dodging
 - Level 3.2 Conjurations
 + Level 7.0 Ice Magic
 + Level 7.0 Evocations


You had 4 spell levels left.
You knew the following spells:

 Your Spells              Type           Power      Damage    Failure   Level
f - Foxfire               Conj/Fire      24%        2x1d5     10%         1
r - Frozen Ramparts       Ice            84%        1d13      3%          3

Your spell library contained the following spells:

 Spells                   Type           Power      Damage    Failure   Level
 Lesser Beckoning         Tloc           0%         N/A       28%         2
 Gell's Gravitas          Tloc           0%         N/A       50%         3
 Inner Flame              Hex/Fire       0%         N/A       50%         3
 Teleport Other           Tloc           0%         N/A       50%         3
 Flame Wave               Conj/Fire      6%         2d5       69%         4
 Sticky Flame             Conj/Fire      6%         2d3       69%         4
 Petrify                  Tmut/Erth      0%         N/A       88%         4
 Metabolic Englaciation   Hex/Ice        10%        N/A       77%         5
 Plasma Beam              Fire/Air       0%         2x1d10    100%        6
 Starburst                Conj/Fire      3%         6d3       100%        6

Inventory:

Hand Weapons
 j - a +0 spear of chaos
 l - a +3 quarterstaff
Missiles
 d - 2 throwing nets {=f}
Armour
 b - a +3 leather armour
 t - +0 steam dragon scales (worn)
Magical Staves
 a - a staff of cold (weapon) {!a}
Jewellery
 q - an amulet of guardian spirit (around neck)
 N - a ring of positive energy (right hand)
 R - a ring of resist corrosion
 T - a +4 ring of protection (left hand)
Wands
 i - a wand of iceblast (8)
 s - a wand of charming (5)
 v - a wand of flame (5)
Scrolls
 c - 2 scrolls of enchant weapon
 e - a scroll of teleportation {@r2}
 g - 3 scrolls of noise
 o - a scroll of amnesia
 u - a scroll of fog
Potions
 f - 2 potions of lignification
 h - 3 potions of brilliance
 k - a potion of curing {@q1}
 m - a potion of haste {unknown}
 n - a potion of might {unknown}
 p - 2 potions of mutation
 r - 7 potions of enlightenment
 w - 2 potions of degeneration

Dungeon Overview and Level Annotations

Branches:
Dungeon (9/15)              Sewer (visited)         Ossuary (visited)
 Temple: D:4-7         Lair: D:8-11         Orc: D:9-12

Altars:
Wu Jian

Shops:
D:4 *

Portals:
Bailey: D:7

Annotations:
D:4 4 runed translucent doors, Crazy Yiuf; Gormless's ghost, amateur DrMo

..▒ ..▒ ..▒ ..▒ .
[.▒ .. ##▒+▒## .b▒
.!. #.▒.▒.#
▒▒▒▒D▒▒o... #.8.▒.#
▒..@.bb.b.. #.▒.▒.#
▒.......... #.▒.8.#
▒.....b....
#.▒.▒.#▒▒▒)▒▒▒▒..b▒
#.8.▒.#...)...▒ ..▒
#.▒.▒.#.......▒ ..
#.▒.8.#.......▒ .
#.▒∩▒.#.......▒
#.▒8▒.#.......▒


You could see an acid dragon (ally target) and an orc wizard.


Message History

It was a potion of enlightenment.
You feel very buoyant.
You fly up into the air.
Xom thinks this is hilarious!
The acid dragon bites you.
* * * LOW HITPOINT WARNING * * *
The acid dragon claws you but does no damage.
The orc hits you from afar with a +0 trident.
* * * LOW HITPOINT WARNING * * *
It was a potion of degeneration.
There was something very wrong with that liquid.
You feel weakened.
You feel dopey.
You feel clumsy.
The acid dragon bites you but does no damage.
The acid dragon claws you.
* * * LOW HITPOINT WARNING * * *
The orc closely misses you.
You feel better. The acid dragon spits acid at you.
The splash of acid hits you!!
* * * LOW HITPOINT WARNING * * *
The orc barely misses you.
An orc wizard comes into view. It is wielding a +0 dagger.
You feel better.
The acid dragon bites you but does no damage.
The acid dragon claws you.
* * * LOW HITPOINT WARNING * * *
As you read the scroll of teleportation {@r2}, it crumbles to dust.
You feel strangely unstable. The acid dragon bites you!
You die...
Xom titters!

Skill      XL: |  1  2  3  4  5  6  7  8  9 |
---------------+----------------------------+-----
Polearms       | 3 |  3.1
Conjurations   | 1 2 3 |  3.2
Staves         | 1 2 3 4 5 6 7 |  7.0
Ice Magic      | 1 3 4 6 7 |  7.0
Evocations     | 1 3 4 6 7 |  7.0
Fighting       | |  2.4
Armour         | |  0.7
Dodging        | |  2.4

Action                     |  1- 3 |  4- 6 |  7- 9 || total
---------------------------+-------+-------+-------++-------
  Melee: Spear             |    81 |    64 |       ||   145
         Kick              |    10 |     4 |       ||    14
         Headbutt          |     5 |     4 |   132 ||   141
         Quarterstaff      |    17 |    96 |   148 ||   261
         Staff             |       |       |   331 ||   331
         Punch             |       |       |     6 ||     6
   Cast: Foxfire           |     4 |    23 |     5 ||    32
    Use: Scroll            |     3 |    12 |     4 ||    19
         Potion            |     1 |     4 |     8 ||    13
   Stab: Sleeping          |     1 |     1 |     3 ||     5
         Confused          |       |     1 |       ||     1
         Petrified         |       |     4 |       ||     4
         Petrifying        |       |     2 |       ||     2
 Armour: Leather armour    |    33 |    77 |   104 ||   214
         Steam dragon scal |       |       |   147 ||   147
  Dodge: Dodged            |    51 |    77 |   252 ||   380

Levels and vault maps discovered:
D:1:      eino_arrival_cavern_b, layout_basic
D:2:      layout_basic, corexii_corridor_pit, minmay_tromino_v4_a
D:3:      layout_loops_ring, gup_sewer_entry_bubbles,
          hellmonk_ecumenical_altar_crossroads, dreamdust_princess_corridor
D:4:      layout_layer_cave, gammafunk_ghost_split,
          nicolae_shop_overcharged_wands, uniq_crazy_yiuf_cottage
D:5:      layout_loops_ring, mainiacjoe_overflow_surrounded_room,
          serial_bayou_pond_c, minivault_23, minmay_misc_feat_doors,
          chequers_serial_rivers_large_a
D:6:      layout_loops_cross, serial_rivers, chequers_serial_rivers_micro_e,
          chequers_serial_rivers_small_3, chequers_serial_rivers_large_b,
          chequers_serial_rivers_room_b, nicolae_ossuary_entry_plus, uniq_maggie
D:7:      layout_gridville, general_overflow_altar, minmay_temple_entry_mist,
          enter_bailey_8, uniq_joseph
D:8:      layout_basic, lightli_corner_chamber, uniq_grum
D:9:      layout_roguey, worldfamousw_hep_ancestral_shrine, serial_shops,
          nicolae_diamond_shop, uniq_jeremiah

Notes
Turn   | Place    | Note
-------+----------+-------------------------------------------
     0 | D:1      | demibob the Deep Elf Chaos Knight began the quest for the
                  | Orb.
     0 | D:1      | Reached XP level 1. HP: 13/13 MP: 3/3
   211 | D:1      | Reached XP level 2. HP: 18/18 MP: 4/4
   320 | D:1      | XOM: divination: detect items
   387 | D:1      | XOM: give mutations
   387 | D:1      | Gained mutation: You are dopey. (Int -2) [Xom's mischief]
   387 | D:1      | Gained mutation: You have sharp toenails. [Xom's mischief]
   387 | D:1      | Lost mutation: You are dopey. (Int -2) [Xom's mischief]
   387 | D:1      | Gained mutation: You have a pair of small horns on your
                  | head. [Xom's mischief]
   497 | D:1      | XOM: silly message
   577 | D:1      | XOM: god gift: 24 gold pieces
   678 | D:1      | Learned a level 1 spell: Foxfire
   713 | D:2      | Reached skill level 3 in Polearms
   722 | D:2      | XOM: 3-stop teleportation journey
   731 | D:2      | Reached skill level 1 in Conjurations
   731 | D:2      | Reached XP level 3. HP: 22/22 MP: 5/5
   909 | D:2      | Reached skill level 1 in Staves
   972 | D:2      | Reached skill level 2 in Conjurations
   997 | D:2      | XOM: 3-stop teleportation journey
  1007 | D:2      | Reached XP level 4. HP: 27/27 MP: 3/6
  1038 | D:2      | XOM: noise
  1054 | D:2      | XOM: smoke on damage
  1056 | D:2      | Lost mutation: You have a pair of small horns on your head.
                  | [potion of mutation]
  1056 | D:2      | Lost mutation: You have sharp toenails. [potion of
                  | mutation]
  1056 | D:2      | Gained mutation: You occasionally lose the ability to drink
                  | potions when taking damage. [potion of mutation]
  1056 | D:2      | Gained mutation: Your spells are a little harder to cast,
                  | but a little more powerful. [potion of mutation]
  1186 | D:2      | XOM: butterfly on damage
  1235 | D:2      | XOM: 3-stop teleportation journey
  1738 | D:3      | XOM: swap monsters
  1862 | D:3      | Reached skill level 2 in Staves
  1875 | D:3      | XOM: polymorph adder -> jelly
  1879 | D:3      | XOM: polymorph butterfly -> glowing shapeshifter
  1885 | D:3      | Reached skill level 3 in Conjurations
  1885 | D:3      | Reached XP level 5. HP: 31/31 MP: 7/7
  1891 | D:3      | Found a glowing drain.
  1906 | Sewer    | Entered a sewer
  1928 | Sewer    | XOM: enchant monster (good)
  2006 | Sewer    | XOM: cast spell 'Summon Small Mammal'
  2158 | Sewer    | Reached skill level 1 in Ice Magic
  2158 | Sewer    | Reached skill level 1 in Evocations
  2270 | Sewer    | Reached skill level 3 in Staves
  2270 | Sewer    | Reached XP level 6. HP: 32/36 MP: 1/8
  2274 | Sewer    | Reached skill level 2 in Ice Magic
  2274 | Sewer    | Reached skill level 2 in Evocations
  2309 | Sewer    | XOM: cloud trail
  2374 | D:3      | Lost mutation: You occasionally lose the ability to drink
                  | potions when taking damage. [potion of mutation]
  2374 | D:3      | Lost mutation: Your spells are a little harder to cast, but
                  | a little more powerful. [potion of mutation]
  2374 | D:3      | Gained mutation: You expend magic power (3 MP) to
                  | strengthen your wands. [potion of mutation]
  2374 | D:3      | Gained mutation: You have a pair of small horns on your
                  | head. [potion of mutation]
  2374 | D:3      | Gained mutation: Your natural rate of healing is unusually
                  | fast. [potion of mutation]
  2665 | D:3      | Found a faded altar of an unknown god.
  2851 | D:3      | XOM: god gift: scale mail {god gift}
  2897 | D:3      | XOM: cloud trail
  3022 | D:3      | XOM: silly message
  3070 | D:4      | Reached skill level 4 in Staves
  3070 | D:4      | Reached skill level 3 in Ice Magic
  3070 | D:4      | Reached skill level 3 in Evocations
  3070 | D:4      | Reached XP level 7. HP: 40/40 MP: 9/9
  3075 | D:4      | Found a runed translucent gate.
  3075 | D:4      | Found a runed translucent gate.
  3079 | D:4      | Found a runed translucent gate.
  3079 | D:4      | Noticed Gormless's ghost (amateur DrMo)
  3247 | D:4      | Found Tuyden's Overcharged Wands.
  3534 | D:4      | XOM: noise
  3543 | D:4      | XOM: smoke on damage
  3545 | D:4      | XOM: potion effect (curing)
  3882 | D:4      | XOM: 1-stop teleportation journey
  4079 | D:4      | XOM: silly message
  4161 | D:4      | Found a runed translucent door.
  4162 | D:4      | Noticed Crazy Yiuf
  4225 | D:5      | Entered Level 5 of the Dungeon
  4406 | D:5      | Reached skill level 4 in Ice Magic
  4406 | D:5      | Reached skill level 4 in Evocations
  4487 | D:5      | XOM: god gift: encrusted wooden ring {god gift}
  4568 | D:5      | XOM: scenery: summon butterflies
  4614 | D:5      | Reached skill level 5 in Staves
  4614 | D:5      | Reached XP level 8. HP: 26/45 MP: 5/10
  4623 | D:5      | XOM: butterfly on damage
  4765 | D:5      | Found an ornate altar of the Wu Jian Council.
  4956 | D:5      | Reached skill level 5 in Ice Magic
  5002 | D:5      | Reached skill level 5 in Evocations
  5308 | D:5      | Learned a level 3 spell: Frozen Ramparts
  5369 | D:5      | XOM: scenery: summon butterflies
  5454 | D:6      | Reached skill level 6 in Staves
  5511 | D:6      | XOM: noise
  5645 | D:6      | Reached skill level 6 in Ice Magic
  5670 | D:6      | Reached skill level 6 in Evocations
  5741 | D:6      | XOM: stat loss: -1 Int (19/20)
  5787 | D:6      | Noticed Maggie
  5792 | D:6      | XOM: silly message
  5798 | D:6      | Killed Maggie
  5799 | D:6      | Reached XP level 9. HP: 40/49 MP: 8/11
  5834 | D:6      | XOM: silly message
  5877 | D:6      | Found a sand-covered staircase.
  5886 | Ossuary  | Entered an ossuary
  6046 | Ossuary  | XOM: smoke on damage
  6114 | Ossuary  | XOM: summons 4 friendly demons
  6183 | Ossuary  | XOM: summons 4 friendly demons
  6204 | Ossuary  | XOM: polymorph iron imp -> crimson imp
  6452 | D:6      | Reached skill level 7 in Ice Magic
  6484 | D:6      | You fall into a shaft and drop 3 floors!
  6507 | D:9      | Reached skill level 7 in Staves
  6507 | D:9      | Reached skill level 7 in Evocations
  6522 | D:7      | Found a flagged portal.
  6603 | D:7      | XOM: butterfly on damage
  6610 | D:7      | Slain by an acid dragon

Vanquished Creatures
  Maggie (D:6)
  2 water moccasins (D:5)
  An ice beast (D:6)
  A black bear (D:4)
  A sky beast (D:6)
  3 ogres
  A centaur (D:5)
  A phantom (D:5)
  3 bullfrogs
  A scorpion (D:5)
  3 centaur zombies (Ossuary)
  A jelly (D:5)
  2 human zombies (Ossuary)
  A gnoll bouda (D:4)
  4 hounds
  3 iguanas
  2 sleepcaps
  An orc wizard (D:5)
  2 mummies (Ossuary)
  8 gnolls
  16 adders
  5 river rats
  A white imp (D:6)
  2 adder zombies (Ossuary)
  3 worms
  A dart slug (D:4)
  11 orcs
  20 ball pythons
  6 endoplasms
  3 giant cockroaches
  5 goblins
  5 hobgoblins
  6 jackals
  3 kobolds
  2 quokkas
  4 bats
  4 frilled lizards
  2 goblin zombies (Ossuary)
  7 hobgoblin zombies (Ossuary)
  A jackal zombie (Ossuary)
  14 kobold zombies (Ossuary)
  4 orc zombies (Ossuary)
  25 rats
  A rat zombie (Ossuary)
193 creatures vanquished.

Vanquished Creatures (collateral kills)
  An elf zombie (Ossuary)
  A jelly (D:3)
2 creatures vanquished.

Vanquished Creatures (others)
  53 foxfires
53 creatures vanquished.

Grand Total: 248 creatures vanquished

Table legend: (Time is in decaauts)
 A = Elapsed time spent in this place.
 B = Non-inter-level travel time spent in this place.
 C = Inter-level travel time spent in this place.
 D = Time resting spent in this place.
 E = Time spent auto-exploring this place.
 F = Levels seen in this place.
 G = Mean time per level.
                   A        B        C        D        E       F      G
               +--------+--------+--------+--------+--------+-----+--------+
         Total |   6665 |   6437 |    228 |    114 |   4805 |  11 |  605.9 |
       Dungeon |   5749 |   5521 |    228 |    114 |   4352 |   9 |  638.8 |
         Sewer |    526 |    526 |      0 |      0 |    322 |   1 |  526.0 |
       Ossuary |    389 |    389 |      0 |      0 |    131 |   1 |  389.0 |
               +--------+--------+--------+--------+--------+-----+--------+

Top non-repeatable levels by time:
     D:4: 1218 daAuts
     D:5: 1196 daAuts
     D:3: 1015 daAuts
     D:2: 891 daAuts
     D:1: 693 daAuts
     D:6: 611 daAuts
   Sewer: 526 daAuts
 Ossuary: 389 daAuts
     D:7: 86 daAuts
     D:9: 32 daAuts
     D:8: 4 daAuts

Table legend:
 A = Non-vault XP
 B = Vault XP
 C = Vault XP percentage of total XP
 D = Non-vault monster count
 E = Vault monster count
 F = Vault count percentage of total count
                 A         B        C        D         E       F
            +---------+---------+-------+---------+---------+-------
      Total |    2315 |    1180 |  33.8 |     102 |      93 |  47.7
            +---------+---------+-------+---------+---------+-------
        D:1 |      23 |       0 |   0.0 |      15 |       0 |   0.0
        D:2 |      98 |       4 |   3.9 |      20 |       3 |  13.0
        D:3 |      63 |      77 |  55.0 |      11 |       7 |  38.9
        D:4 |     470 |       0 |   0.0 |      17 |       0 |   0.0
        D:5 |    1051 |       0 |   0.0 |      25 |       0 |   0.0
        D:6 |     511 |     398 |  43.8 |      10 |       1 |   9.1
        D:7 |       9 |       0 |   0.0 |       3 |       0 |   0.0
        D:9 |      90 |       0 |   0.0 |       1 |       0 |   0.0
      Sewer |       0 |     307 | 100.0 |       0 |      43 | 100.0
    Ossuary |       0 |     394 | 100.0 |       0 |      39 | 100.0
            +---------+---------+-------+---------+---------+-------
